 Dungeon Crawl Stone Soup version 0.31.0-11-ge490571c62 (webtiles) character file.

Game seed: 3305791218972208230

3146 qw the Skirmisher (level 9, -2/52 HPs)
             Began as a Deep Elf Hunter on Feb 4, 2024.
             Was a Believer of Okawaru.
             Slain by a gnoll sergeant
             ... wielding a +4 spear of venom
              (3 damage)
             ... on level 7 of the Dungeon.
             The game lasted 00:00:35 (6384 turns).

qw the Skirmisher (Deep Elf Hunter)                 Turns: 6384, Time: 00:00:36

Health: -2/52      AC:  9    Str: 12    XL:     9   Next: 62%
Magic:  14/14      EV: 13    Int: 15    God:    Okawaru [**....]
Gold:   411        SH:  0    Dex: 18    Spells: 8/8 levels left

rFire   + . .        a - +2 shortbow
rCold   . . .        (shield currently unavailable)
rNeg    . . .        e - +0 ring mail
rPois   .            f - +1 helmet
rElec   .            (no cloak)
rCorr   .            g - +1 pair of gloves
SInv    +            (no boots)
Will    .....        (no amulet)
Stlth   +            c - ring of see invisible
HPRegen 0.28/turn    r - ring of protection from fire
MPRegen 0.14/turn

%: no passive effects
@: lethally poisoned (-2 -> -15), about to teleport
A: no striking features
a: Renounce Religion, Heroism


You were on level 7 of the Dungeon.
You worshipped Okawaru.
Okawaru was pleased with you.
You visited 2 branches of the dungeon, and saw 8 of its levels.
You also visited: Sewer.

You collected 441 gold pieces.
You spent 30 gold pieces at shops.


   Skills:
 - Level 4.2 Fighting
 - Level 14.7 Ranged Weapons
 - Level 2.4 Armour
 + Level 5.5 Dodging
 - Level 1.2 Stealth
 - Level 4.0 Invocations


You had 8 spell levels left.
You didn't know any spells.
Your spell library was empty.

Inventory:

Hand Weapons
 a - a +2 shortbow (weapon)
Armour
 e - a +0 ring mail (worn)
 f - a +1 helmet (worn)
 g - a +1 pair of gloves (worn)
 l - a +0 leather armour of fire resistance
Jewellery
 c - a ring of see invisible (left hand)
 n - a ring of see invisible
 r - a ring of protection from fire (right hand)
Wands
 p - a wand of iceblast (15)
Scrolls
 d - 3 scrolls of teleportation
Potions
 b - a potion of mutation
 h - a potion of curing
 i - a potion of haste
 j - a potion of might
 k - a potion of lignification {unknown}
 m - a potion of enlightenment {unknown}
 o - a potion of degeneration {unknown}

Dungeon Overview and Level Annotations

Branches:
Dungeon (7/15)             Temple (1/1) D:5           Sewer (visited)

Altars:
Ashenzari
Cheibriados
Dithmenos
Elyvilon
Fedhas
Gozag
Hepliaklqana
Kikubaaqudgha
Makhleb
Nemelex Xobeh
Okawaru
Qazlal
Ru
Sif Muna
Trog
Uskayaw
Vehumet
Wu Jian
Xom
Zin
The Shining One

Shops:
D:4 ?

Annotations:
D:4 2 transporters, qw's ghost, amateur SpHu


Message History

Okawaru accepts your kill.
You feel sick.
The gnoll sergeant hits you from afar with a +4 spear of venom.
You are more poisoned.
You shoot an arrow.
The arrow barely misses the gnoll sergeant.
You feel sick. The gnoll sergeant closely misses you.
You shoot an arrow.
The arrow barely misses the gnoll sergeant.
You feel sick.
The gnoll sergeant hits you from afar with a +4 spear of venom!
You are lethally poisoned!
You shoot an arrow. The arrow hits the gnoll sergeant.
The gnoll sergeant is moderately wounded.
You feel very sick.
You shoot an arrow.
The arrow hits the gnoll sergeant but does no damage.
The gnoll sergeant is moderately wounded.
You feel very sick. The gnoll sergeant misses you.
You shoot an arrow. The arrow hits the gnoll sergeant.
The gnoll sergeant is heavily wounded.
You feel very sick. The gnoll sergeant barely misses you.
6382 ||| READING 4 scrolls of teleportation.
As you read the scroll of teleportation, it crumbles to dust.
You feel strangely unstable.
You feel very sick.
The gnoll sergeant hits you but does no damage.
You are more poisoned.
You shoot an arrow. The arrow hits the gnoll sergeant.
The gnoll sergeant is heavily wounded.
You feel very sick. The gnoll sergeant barely misses you.
You shoot an arrow.
The arrow hits the gnoll sergeant but does no damage.
The gnoll sergeant is heavily wounded.
You feel very sick.
The gnoll sergeant hits you from afar with a +4 spear of venom.
You die...

..######. .#..........#
....#.. .......<....#
...... .#..........##
#.... .............#
##.#.
.#....)......#######....
.............#.#........
.#....%.................
....%g.@...............#
..######..............##
#............<.##
##..........#.##
#..........####
#..........#
.........#...#
###......####...
......... ...


You could see a gnoll sergeant.

Vanquished Creatures
  Pikel (D:5)
  Sigmund (D:4)
  A steam dragon (D:6)
  Edmund (D:4)
  2 water moccasins
  2 black bears
  2 ice beasts
  An ogre (D:5)
  A lemure (D:5)
  A phantom (D:5)
  4 bullfrogs
  A scorpion (D:4)
  A vampire bat (D:4)
  A bombardier beetle (D:5)
  A howler monkey (D:4)
  6 hounds
  6 jellies
  2 orc priests
  2 iguanas
  Jessica (D:2)
  2 sleepcaps
  4 orc wizards
  4 gnolls
  18 adders
  2 river rats (D:3)
  3 white imps
  3 ufetubi
  10 dart slugs
  3 fire bats (D:4)
  3 ribbon worms
  16 orcs
  2 spectral bats (D:4)
  14 ball pythons
  3 bat skeletons (D:4)
  A bat zombie (D:4)
  21 endoplasms
  8 giant cockroaches
  6 goblins
  8 hobgoblins
  6 jackals (D:2)
  10 kobolds
  8 quokkas
  14 bats
  A bat simulacrum (D:4)
  6 frilled lizards
  6 rats
220 creatures vanquished.

Notes
Turn   | Place    | Note
-------+----------+-------------------------------------------
     0 | D:1      | qw the Deep Elf Hunter began the quest for the Orb.
     0 | D:1      | Reached XP level 1. HP: 12/12 MP: 3/3
     0 | D:1      | 0 ||| qw: Version: 0.3-a-160-g6735b56
     0 | D:1      | 0 ||| qw: Game counter: 5569
     0 | D:1      | 0 ||| qw: Melee chars always use a shield: true
     0 | D:1      | 0 ||| qw: God list: Okawaru
     0 | D:1      | 0 ||| qw: Allow faded altars: false
     0 | D:1      | 0 ||| qw: Do Orc after clearing Dungeon:15 true
     0 | D:1      | 0 ||| qw: Do second Lair branch before Depths: true
     0 | D:1      | 0 ||| qw: Lair rune preference: random
     0 | D:1      | 0 ||| qw: Goals: Normal
     0 | D:1      | 0 ||| PLANNING D:1-11
   228 | D:1      | Reached XP level 2. HP: 16/16 MP: 4/4
   250 | D:1      | Reached skill level 6 in Ranged Weapons
   879 | D:1      | Reached XP level 3. HP: 20/20 MP: 5/5
   940 | D:1      | 940 ||| UPGRADING to +0 helmet.
   945 | D:1      | 945 ||| DROPPING scarf of invisibility.
   946 | D:1      | 946 ||| READING 2 scrolls labelled KONTEZ ONOGU.
   947 | D:1      | 947 ||| READING scroll labelled TYUSUSH QEMET.
   948 | D:1      | 948 ||| READING scroll labelled DISARA JESAA.
   949 | D:1      | 949 ||| DRINKING 2 ruby potions.
   950 | D:1      | 950 ||| DROPPING scroll of butterflies.
   951 | D:1      | 951 ||| DROPPING scroll of noise.
  1051 | D:2      | Noticed Jessica
  1061 | D:2      | Killed Jessica
  1062 | D:2      | Reached skill level 7 in Ranged Weapons
  1062 | D:2      | Reached XP level 4. HP: 8/25 MP: 6/6
  1383 | D:2      | Reached skill level 8 in Ranged Weapons
  1955 | D:2      | 1955 ||| READING scroll labelled XAULOPTULO.
  1958 | D:2      | 1958 ||| READING scroll labelled PINONEPN DISHRA.
  1958 | D:2      | 1958 ||| ENCHANTING +0 helmet.
  1959 | D:2      | 1959 ||| READING scroll labelled TEP INNERRARHAEM.
  1959 | D:2      | 1959 ||| IDENTIFYING fizzy ruby potion
  1960 | D:2      | 1960 ||| READING scroll labelled PIYBOL ODUKKAA.
  1961 | D:2      | 1961 ||| DRINKING 2 coppery potions.
  1962 | D:2      | 1962 ||| DROPPING potion of brilliance.
  2004 | D:3      | 2004 ||| PLANNING SEWER
  2005 | D:3      | 2005 ||| STAIRDANCE
  2186 | D:3      | Reached XP level 5. HP: 28/29 MP: 7/7
  2419 | D:3      | Found a glowing drain.
  2421 | D:3      | 2421 ||| UPGRADING to +0 ring mail.
  2431 | D:3      | 2431 ||| DROPPING +0 leather armour.
  2432 | D:3      | 2432 ||| UPGRADING to +0 pair of gloves.
  2441 | Sewer    | Entered a sewer
  2493 | Sewer    | Reached skill level 9 in Ranged Weapons
  2654 | Sewer    | Reached skill level 1 in Armour
  2704 | Sewer    | Reached XP level 6. HP: 14/35 MP: 8/8
  2812 | Sewer    | 2812 ||| UPGRADING to ring of see invisible.
  2826 | D:3      | 2826 ||| PLANNING D:1-11
  2985 | D:4      | Found a transporter.
  2987 | D:4      | Noticed Edmund
  2987 | D:4      | Noticed qw's ghost (amateur SpHu)
  3000 | D:4      | Killed Edmund
  3001 | D:4      | Reached skill level 10 in Ranged Weapons
  3007 | D:4      | 3007 ||| READING scroll of enchant armour.
  3007 | D:4      | 3007 ||| ENCHANTING +0 pair of gloves.
  3021 | D:4      | Reached skill level 3 in Dodging
  3021 | D:4      | Reached XP level 7. HP: 19/40 MP: 9/9
  3273 | D:4      | Reached skill level 11 in Ranged Weapons
  3550 | D:4      | Found Vugiholu's Magic Scroll Shoppe.
  3567 | D:4      | 3567 ||| BUYING scroll of teleportation (30 gold).
  3567 | D:4      | Bought a scroll of teleportation for 30 gold pieces
  3656 | D:4      | Noticed Sigmund
  3665 | D:4      | Killed Sigmund
  3666 | D:4      | Reached skill level 12 in Ranged Weapons
  3666 | D:4      | Reached XP level 8. HP: 37/44 MP: 10/10
  3700 | D:4      | Found a transporter.
  3776 | D:4      | HP: 9/45 [gnoll/+0 halberd (10)]
  3777 | D:4      | 3777 ||| READING 4 scrolls of teleportation.
  3783 | D:4      | 3783 ||| FLEEEEING.
  3784 | D:4      | 3784 ||| READING 3 scrolls of teleportation.
  3999 | D:4      | Reached skill level 3 in Fighting
  4023 | D:4      | Found a glowing silver altar of Zin.
  4241 | D:4      | 4241 ||| DROPPING ring of flight.
  4242 | D:4      | 4242 ||| READING scroll of identify.
  4242 | D:4      | 4242 ||| IDENTIFYING metallic ruby potion
  4243 | D:4      | 4243 ||| READING scroll labelled KEKAAL DUGI.
  4247 | D:4      | 4247 ||| FLEEEEING.
  4248 | D:4      | 4248 ||| FLEEEEING.
  4249 | D:4      | 4249 ||| FLEEEEING.
  4250 | D:4      | 4250 ||| FLEEEEING.
  4251 | D:4      | 4251 ||| FLEEEEING.
  4252 | D:4      | 4252 ||| FLEEEEING.
  4253 | D:4      | 4253 ||| FLEEEEING.
  4254 | D:4      | 4254 ||| FLEEEEING.
  4255 | D:4      | 4255 ||| FLEEEEING.
  4256 | D:4      | 4256 ||| FLEEEEING.
  4257 | D:4      | 4257 ||| FLEEEEING.
  4258 | D:4      | 4258 ||| FLEEEEING.
  4261 | D:4      | 4261 ||| STAIRDANCE
  4323 | D:3      | 4323 ||| READING scroll labelled NES FERYAXOKK.
  4323 | D:3      | 4323 ||| ENCHANTING +0 shortbow.
  4403 | D:5      | Entered Level 5 of the Dungeon
  4492 | D:5      | Found a staircase to the Ecumenical Temple.
  4493 | D:5      | 4493 ||| PLANNING TEMPLE
  4499 | Temple   | Entered the Ecumenical Temple
  4500 | Temple   | 4500 ||| PLANNING OKAWARU WORSHIP
  4518 | Temple   | Became a worshipper of Warmaster Okawaru
  4519 | Temple   | 4519 ||| PLANNING D:1-11
  4601 | D:5      | 4601 ||| RETREEEEATING.
  4612 | D:5      | Reached skill level 13 in Ranged Weapons
  4621 | D:5      | 4621 ||| FLEEEEING.
  4622 | D:5      | 4622 ||| RETREEEEATING.
  4625 | D:5      | 4625 ||| FLEEEEING.
  4779 | D:5      | Noticed Pikel
  4779 | D:5      | 4779 ||| RETREEEEATING.
  4781 | D:5      | 4781 ||| RETREEEEATING.
  4785 | D:5      | 4785 ||| RETREEEEATING.
  4786 | D:5      | 4786 ||| RETREEEEATING.
  4788 | D:5      | 4788 ||| ZAPPING wand of iceblast (13) at 0,-5 (Pikel;
                  | floor).
  4789 | D:5      | 4789 ||| ZAPPING wand of iceblast (12) at 0,-4 (Pikel;
                  | floor).
  4790 | D:5      | 4790 ||| ZAPPING wand of iceblast (11) at 0,-3 (Pikel;
                  | floor).
  4791 | D:5      | 4791 ||| ZAPPING wand of iceblast (10) at 0,-2 (Pikel;
                  | floor).
  4791 | D:5      | Killed Pikel
  4791 | D:5      | Reached * piety under Okawaru
  4792 | D:5      | Reached skill level 14 in Ranged Weapons
  4792 | D:5      | Reached XP level 9. HP: 50/50 MP: 11/11
  5123 | D:5      | Reached skill level 1 in Invocations
  5258 | D:5      | 5258 ||| INVOKING Heroism.
  5265 | D:5      | Reached skill level 3 in Invocations
  5330 | D:5      | 5330 ||| READING scroll of enchant weapon.
  5330 | D:5      | 5330 ||| ENCHANTING +1 shortbow.
  5344 | D:5      | 5344 ||| DROPPING +1 hat.
  5345 | D:5      | 5345 ||| READING scroll labelled NINISU WUSI.
  5975 | D:6      | Reached ** piety under Okawaru
  5977 | D:6      | 5977 ||| Stepping ~*~*~tactically~*~*~ (cloud).
  6276 | D:6      | 6276 ||| DROPPING +1 hat.
  6277 | D:6      | 6277 ||| UPGRADING to ring of protection from fire.
  6278 | D:6      | 6278 ||| READING scroll of identify.
  6278 | D:6      | 6278 ||| IDENTIFYING smoky blue potion
  6279 | D:6      | 6279 ||| READING scroll labelled BUYCAI CAGORCH.
  6381 | D:7      | HP: 12/52 [poisoned by a gnoll sergeant]
  6382 | D:7      | 6382 ||| READING 4 scrolls of teleportation.
  6383 | D:7      | HP: 3/52 [poisoned by a gnoll sergeant]
  6384 | D:7      | HP: 1/52 [poisoned by a gnoll sergeant]
  6384 | D:7      | Slain by a gnoll sergeant

Levels and vault maps discovered:
D:1:      amcnicky_arrival_flooded_fountain, layout_basic
D:2:      layout_basic, nrook_mini_vaults, minmay_vboxes, uniq_jessica
D:3:      layout_rooms, portal_sewer_entry_e, solitary_fountain
D:4:      layout_loops_ring, lemuel_coloured_pillars_altar,
          gammafunk_ghost_arena, serial_shops, shop, serial_bayou_lagoon_a,
          corner_web_ring, goddamned_bats, uniq_sigmund, uniq_edmund
D:5:      minmay_chambers_of_threes, layout_loops_ring,
          minmay_temple_entry_metal_lava, corexii_checkpoint, uniq_pikel
D:6:      layout_gridville, nicolae_wand_duel
D:7:      layout_cave_pools, chequers_serial_rivers_room_a, st_stairs_4
Temple:   nicolae_temple_slightly_damp_pantheon

Skill      XL: |  1  2  3  4  5  6  7  8  9 |
---------------+----------------------------+-----
Ranged Weapons | 6 7 8 9 10 12 14 | 14.7
Fighting       | 2 3 4 |  4.2
Armour         | 1 2 |  2.4
Dodging        | 3 4 5 |  5.5
Invocations    | 4 |  4.0
Stealth        | |  1.2

Action                     |  1- 3 |  4- 6 |  7- 9 || total
---------------------------+-------+-------+-------++-------
   Fire: Shortbow          |    67 |   253 |   454 ||   774
 Invoke: Heroism           |       |       |     1 ||     1
  Evoke: Wand              |       |       |     4 ||     4
    Use: Scroll            |     3 |     5 |    10 ||    18
         Potion            |     1 |     1 |       ||     2
 Armour: Leather armour    |    11 |    25 |       ||    36
         Ring mail         |       |    23 |   168 ||   191
  Dodge: Dodged            |     7 |    68 |   185 ||   260

Table legend:
 A = Non-vault XP
 B = Vault XP
 C = Vault XP percentage of total XP
 D = Non-vault monster count
 E = Vault monster count
 F = Vault count percentage of total count
                 A         B        C        D         E       F
            +---------+---------+-------+---------+---------+-------
      Total |    2310 |    2185 |  48.6 |     129 |      90 |  41.1
            +---------+---------+-------+---------+---------+-------
        D:1 |      42 |       0 |   0.0 |      21 |       0 |   0.0
        D:2 |      82 |      44 |  34.9 |      26 |       6 |  18.8
        D:3 |      49 |      32 |  39.5 |      13 |       8 |  38.1
        D:4 |     559 |     574 |  50.7 |      30 |      22 |  42.3
        D:5 |     709 |    1136 |  61.6 |      22 |      15 |  40.5
        D:6 |     662 |       0 |   0.0 |      14 |       0 |   0.0
        D:7 |     207 |      97 |  31.9 |       3 |       1 |  25.0
      Sewer |       0 |     302 | 100.0 |       0 |      38 | 100.0
            +---------+---------+-------+---------+---------+-------
